 Dungeon Crawl Stone Soup version 0.21.1-1-g345015fe64 (webtiles) character file.

174 Rushputin the Chopper (level 5, 0/46 HPs)
             Began as a Minotaur Fighter on Mar 7, 2018.
             Slain by an ogre
             ... wielding a +0 giant club
              (19 damage)
             ... on level 4 of the Dungeon on Mar 26, 2018.
             The game lasted 00:14:47 (1954 turns).

Rushputin the Chopper (Minotaur Fighter)            Turns: 1954, Time: 00:14:47

Health: 0/46       AC: 10    Str: 21    XL:     5   Next: 28%
Magic:  4/4        EV:  7    Int:  5    God:
Gold:   167        SH:  9    Dex: 10    Spells: 4/4 levels left

rFire    . . .     SeeInvis .   a - +0 war axe
rCold    . . .     Gourm    .   c - +0 shield
rNeg     . . .     Faith    .   b - +0 scale mail
rPois    +         Spirit   .   (helmet restricted)
rElec    .         Reflect  .   e - +0 cloak {rPois}
rCorr    .         Harm     .   s - +1 pair of gloves
MR       .....                  (no boots)
Stlth    ..........             (no amulet)
HPRegen  0.15/turn              (no ring)
MPRegen  0.09/turn              (no ring)

@: no status effects
A: retaliatory headbutt, horns 2
a: no special abilities


You were on level 4 of the Dungeon.
You were not hungry.

You visited 1 branch of the dungeon, and saw 4 of its levels.

You collected 167 gold pieces.

Inventory:

Hand Weapons
 a - a +0 war axe (weapon)
 d - a +3 quarterstaff of chaos
 k - a +0 mace of draining
 o - a +4 mace
Armour
 b - a +0 scale mail (worn)
 c - a +0 shield (worn)
 e - a +0 cloak of poison resistance (worn)
 l - a scarf of spirit shield
 s - a +1 pair of gloves (worn)
Wands
 q - a wand of disintegration (16)
Scrolls
 g - 3 scrolls of identify
 i - a scroll of blinking {unknown}
 m - a scroll of remove curse {unknown}
 n - a scroll of immolation {unknown}
Potions
 h - a potion of brilliance {unknown}
 j - 2 potions of ambrosia
 p - a potion of agility {unknown}
 r - a potion of heal wounds
Comestibles
 f - 8 rations


   Skills:
 - Level 3.8 Fighting
 * Level 6.2 Axes
 - Level 4.0 Armour
 - Level 4.0 Shields


You had 4 spell levels left.
You didn't know any spells.

Dungeon Overview and Level Annotations

Branches:
Dungeon (4/15)
 Temple: D:4-7

Altars:

Portals:
Sewer: D:4


Innate Abilities, Weirdness & Mutations

You reflexively headbutt those who attack you in melee.
You have a pair of horns on your head.


Message History

You kill the quokka!
You hit the giant cockroach.
You kill the giant cockroach!
An ogre comes into view. It is wielding a giant club.
The ogre shouts!
Found a scroll of identify.
An ogre opens the door.
An adder comes into view.
The adder hisses angrily.
Found a scroll labeled RUOVVO HUNLOYT.
The ogre hits you with a giant club!
You hit the ogre.
The ogre is lightly wounded.
The ogre hits you with a giant club.
You barely miss the ogre.
You headbutt the ogre, but do no damage.
The ogre is lightly wounded.
You hit the adder but do no damage. The adder bites you.
The ogre hits you with a giant club!!
You die...

#.####..≈≈≈≈≈..##
..# #..≈≈∩≈≈...##
### #..≈≈≈≈≈....# #
... #...≈≈≈.....# .#
... #...........##.#
## ...
#...........†..#...
...
+..?..........[...
...
#..^...........#.#
...
#.........@O......
...
##########.S...#.#
... #.....# # ###
#.. +...'.# #.#
#...#... #### #.#
#..?#?#.#
....#######.# #...#
. .
###...<#....#####...
. ...............#


You could see an ogre and an adder.

Vanquished Creatures
  Crazy Yiuf (D:3)
  An orc priest (D:4)
  3 river rats (D:4)
  An adder skeleton (D:2)
  3 worms
  3 dart slugs
  A leopard gecko (D:2)
  5 orcs
  A ball python (D:4)
  6 bats
  5 giant cockroaches
  5 goblins
  6 hobgoblins
  2 jackals (D:3)
  3 quokkas
  4 frilled lizards
  9 kobolds
  A leopard gecko skeleton (D:4)
  A quokka skeleton (D:4)
  8 rats
69 creatures vanquished.

Notes
Turn   | Place    | Note
-------+----------+-------------------------------------------
     0 | D:1      | Rushputin the Minotaur Fighter began the quest for the Orb.
     0 | D:1      | Reached XP level 1. HP: 19/19 MP: 0/0
   203 | D:1      | Reached XP level 2. HP: 27/27 MP: 1/1
   522 | D:1      | Reached skill level 3 in Axes
   963 | D:2      | Reached XP level 3. HP: 32/33 MP: 2/2
  1387 | D:3      | Reached skill level 4 in Axes
  1515 | D:3      | Found a runed door.
  1519 | D:3      | Noticed Crazy Yiuf
  1524 | D:3      | Killed Crazy Yiuf
  1524 | D:3      | Reached XP level 4. HP: 17/40 MP: 3/3
  1607 | D:3      | Reached skill level 5 in Axes
  1872 | D:4      | Reached XP level 5. HP: 41/46 MP: 4/4
  1900 | D:4      | Found a glowing drain.
  1909 | D:4      | Reached skill level 6 in Axes
  1947 | D:4      | Noticed an ogre
  1954 | D:4      | Slain by an ogre

Skill      XL: |  1  2  3  4  5 |
---------------+----------------+-----
Shields        | 4 |  4.0
Axes           | 3 4 5 6 |  6.2
Armour         | 4 |  4.0
Fighting       | |  3.8

Action                   |  1- 3 |  4- 6 || total
-------------------------+-------+-------++-------
Melee: War axe           |    95 |    53 ||   148
       Headbutt          |    11 |     5 ||    16
  Use: Potion            |     3 |       ||     3
       Scroll            |     2 |       ||     2
  Eat: Ration            |     1 |       ||     1
       Chunk             |     1 |       ||     1
Armor: Scale mail        |    38 |    17 ||    55
Dodge: Dodged            |    22 |    17 ||    39
Block: Shield            |    53 |    39 ||    92
